 Dungeon Crawl Stone Soup version 0.13.0-21-ge43020b (webtiles) character file.

88 CowboyDan the Grave Robber (level 3, 15/21 HPs)
             Began as an Octopode Necromancer on Oct 26, 2013.
             Was an Initiate of Zin.
             Got out of the dungeon alive.
             The game lasted 00:09:12 (3290 turns).

CowboyDan the Grave Robber (Octopode Necromancer)   Turns: 3290, Time: 00:09:12

HP  15/21        AC  1     Str  7      XL: 3   Next: 95%
MP   6/6         EV 12     Int 18      God: Zin [......]
Gold 32          SH  0     Dex 12      Spells:  1 memorised,  4 levels left

Res.Fire  : . . .   See Invis. : .   q - +0 war axe
Res.Cold  : . . .   Warding    : .   (no shield)
Life Prot.: . . .   Conserve   : .   (helmet restricted)
Res.Poison: .       Res.Corr.  : .   (no amulet)
Res.Elec. : .       Clarity    : .   h - ring of flight
Sust.Abil.: . .     Spirit.Shd : .   p - ring of sustenance
Res.Mut.  : .       Stasis     : .   (no ring)
Res.Rott. : .       Flight     : .   (no ring)
Saprovore : . . .                    (no ring)
                                     (no ring)
                                     (no ring)
                                     (no ring)

@: not resistant to hostile enchantments, quite stealthy
A: almost no armour, amphibious, 8 rings, constrict 8, camouflage 1, AC +1
a: Renounce Religion, Evoke Flight


You escaped.
You worshipped Zin.
Zin was noncommittal.
You were hungry.

You visited 1 branch of the dungeon, and saw 3 of its levels.

You collected 53 gold pieces.
You donated 41 gold pieces.

Inventory:

Hand weapons
 q - a +0,+0 war axe (weapon)
Missiles
 g - a dart (quivered)
 l - a throwing net
Comestibles
 c - a bread ration
 j - an apple
 s - a choko
Scrolls
 a - 2 scrolls of curse weapon {unknown}
 e - 3 scrolls of magic mapping {unknown}
 i - a scroll of fear {unknown}
 n - a scroll of teleportation {unknown}
 o - 2 scrolls of remove curse {unknown}
 r - a scroll of recharging {unknown}
 t - a scroll of identify {unknown}
 u - a scroll of blinking {unknown}
Jewellery
 h - a ring of flight (left tentacle)
 p - a ring of sustenance (right tentacle)
Potions
 d - a potion of brilliance {unknown}
 f - a potion of magic {unknown}
 k - a potion of restore abilities {unknown}
 m - 5 potions of curing
Books
 b - a book of Necromancy

   Spells                             Type                      Level
   *Pain                              Necromancy                   1
   Animate Skeleton                   Necromancy                   1
   Lethal Infusion                    Charms/Necromancy            2
   Vampiric Draining                  Necromancy                   3
   Regeneration                       Charms/Necromancy            3
   Animate Dead                       Necromancy                   4
   Control Undead                     Necromancy                   4
   Zin opposes the use of such an evil item.


   Skills:
 + Level 2.7 Dodging
 - Level 2.6 Stealth
 + Level 1.9 Spellcasting
 * Level 4.6 Necromancy


You had 4 spell levels left.
You knew the following spells:

 Your Spells              Type           Power        Failure   Level  Hunger
a - Pain                  Necr           ###.         2%          1    #......


Dungeon Overview and Level Annotations

Branches:
Dungeon (3/27)

Altars:
Zin

Annotations:
D:3 Purgy


Innate Abilities, Weirdness & Mutations

You cannot wear most types of armour.
You are amphibious.
You can wear up to eight rings at the same time.
You can use your tentacles to constrict many enemies at once.
Your skin changes colour to match your surroundings (Stlth).
Your rubbery body absorbs attacks (AC +1).


Message History

The kobold barely misses you.
You hit the kobold. You grab the kobold. Your squeeze misses the kobold.
The kobold is moderately wounded.
You constrict the kobold. The kobold hits you with a whip.
You hit the kobold.
You kill the kobold!
Things that are here:
a whip; a kobold corpse A goblin comes into view.
It is wielding an orcish short sword.
A rat comes into view.
A rat comes into view.
There is an open door here.
There is an open door here.
The rat bites you.
There is an open door here.
There is a staircase leading out of the dungeon here.
You can't go down here!
Are you sure you want to leave the Dungeon?
This will make you lose the game! The rat bites you.
You have escaped!

.##.##.# #................# #.
.......# #.#.###........### #.
###.#### #.### ####.#.#.# #.
##.#.## #.## #.#.#.#### #.
#.....####..########.......####.
##.......#..#......#..#.##......
#........#..#.####.#............
##.....#.#..#.#..#.#....##......
##...##....#.r@.'.#g#####.####.
#..########r#..#.#.#####.# #.
##.## #..#'####.#.......# #.
#...# #..'......#.####### #.
#.#.# #..#'######.# ###. ##...##
##.....## #.# #..%
#.....###.......# #.# #.##
#.###.#.##.....#####.# #####.##
#.# #....##..........####.......


You could see 2 rats.

Vanquished Creatures
  An adder (D:2)
  A worm (D:2)
  A giant gecko (D:2)
  7 goblins
  5 hobgoblins
  A jackal (D:2)
  5 bats
  2 giant cockroaches
  4 giant newts
  6 kobolds
  9 rats
42 creatures vanquished.

Notes
Turn   | Place    | Note
--------------------------------------------------------------
     0 | D:1      | CowboyDan, the Octopode Necromancer, began the quest for the Orb.
     0 | D:1      | Reached XP level 1. HP: 11/11 MP: 3/3
   372 | D:1      | Reached XP level 2. HP: 12/17 MP: 0/4
  1380 | D:2      | Reached XP level 3. HP: 4/21 MP: 0/6
  1389 | D:2      | HP: 1/21 [poisoned by an adder]
  2797 | D:3      | Noticed Purgy
  2867 | D:3      | HP: 1/21 [Purgy (3)]
  3198 | D:3      | Found a glowing silver altar of Zin.
  3201 | D:3      | Became a worshipper of Zin the Law-Giver
  3202 | D:3      | Donated 34 gold pieces to Zin
  3290 | D:$      | Got out of the dungeon alive.

Action                   || total
-------------------------++-------
Melee: Unarmed           ||    37
       War axe           ||     8
 Cast: Pain              ||    67
  Use: Potion            ||     2
       Scroll            ||     1
 Stab: Sleeping          ||     1
